Map: Ulzaan

Players

Desiggner

  • Race: Protoss Protoss
  • League: Gold
  • Spawn Location: 11:00

Layo

  • Race: Terran Terran
  • League: Platinum
  • Spawn Location: 9:00

OpuS - Winner!

  • Race: Protoss Protoss
  • League: Diamond
  • Spawn Location: 1:00

Sketchaphone - Winner!

  • Race: Zerg Zerg
  • League: Gold
  • Spawn Location: 3:00

VOD

Have the link to the VOD?

Description

Time

  • Played on: Jan. 20, 2019, 9:18 p.m.
  • Length: 14:00
Show
View Real Time Build Order
Export as new Build Order

Desiggner Protoss 

Build Orders: Dark Templar Rush 

Get SALT Encoding   

  12  0:36  Probe  
  13  0:44  Probe  
  13  0:45  Pylon  
  14  0:50  Assimilator  
  14  0:54  Probe  
  15  1:04  Probe  
  15  1:06  Gateway  
  16  1:11  Assimilator  
  16  1:12  Probe  
  17  1:20  Probe  
  17  1:22  Forge  
  18  1:32  Probe  
  19  1:43  Pylon  
  19  1:44  Probe  
  20  1:57  Probe  
  21  2:07  Cybernetics Core  
  21  2:09  Probe  
  22  2:21  Probe  
  22  2:24  Photon Cannon  
  22  2:29  Probe  
  24  2:39  Probe  
  24  2:41  Cybernetics Core  
  25  2:50  Twilight Council  
  25  2:51  Probe  
  26  2:59  Warp Gate  
  26  3:03  Probe  
  27  3:06  Robotics Facility  
  26  3:19  Photon Cannon  
  26  3:29  Shield Battery  
  26  3:30  Probe  
  27  3:35  Pylon  
  27  3:38  Probe  
  27  3:48  Probe  
  29  3:58  Warp Prism, Dark Shrine  
  31  4:47  Gateway  
  31  4:48  Gateway  
  31  4:51  Gateway  
  31  4:53  Gateway  
  31  4:55  Gateway  
  30  5:08  Probe  
  30  5:11  Pylon  
  31  5:27  Observer  
  31  5:40  Pylon  
  31  6:09  Dark Templar  
  31  6:10  Dark Templar x3  
  31  6:11  Dark Templar  
  41  6:42  Observer  
  41  6:43  Pylon  
  42  6:59  Dark Templar  
  42  7:00  Dark Templar x3  
  50  7:01  Zealot  
  50  7:02  Pylon, Zealot  
  50  7:05  Pylon  
  54  7:08  Nexus  
  34  7:43  Dark Templar  
  36  7:44  Dark Templar  
  36  7:46  Zealot x2  
  36  7:47  Zealot x2  
  40  9:44  Dark Templar  
  40  9:45  Dark Templar x4  
  49  10:04  Zealot  
  50  10:26  Dark Templar x2  
  50  10:28  Zealot  
  54  10:29  Zealot x3  
  60  10:57  Stalker  
  60  10:58  Stalker x3  
  68  11:33  Sentry  
  58  12:18  Stalker x3  
  64  12:37  Nexus  
  64  13:21  Stalker  
  64  13:22  Stalker  
Show
View Real Time Build Order
Export as new Build Order

Layo Terran 

Build Orders:  

Get SALT Encoding   

  12  0:03  SCV  
  13  0:15  SCV  
  14  0:21  Supply Depot  
  14  0:27  SCV  
  15  0:43  SCV  
  15  0:49  Barracks  
  16  0:59  Barracks, SCV  
  17  1:11  SCV  
  18  1:23  SCV  
  19  1:35  SCV  
  20  1:40  Supply Depot  
  20  1:42  Marine  
  21  1:49  Refinery  
  21  1:50  Refinery, Orbital Command  
  21  2:12  Command Center  
  21  2:30  Marine  
  21  2:32  Barracks Tech Lab  
  22  2:39  SCV  
  23  2:50  Marine  
  24  2:51  SCV  
  24  2:55  Marine  
  26  3:03  SCV  
  27  3:13  Marine  
  28  3:30  Barracks Reactor  
  28  3:32  Stimpack  
  28  3:37  Orbital Command  
  28  3:38  Refinery  
  28  3:39  SCV  
  29  3:51  SCV  
  29  3:54  Factory  
  30  4:03  Engineering Bay, SCV x2  
  32  4:10  Marine x2  
  32  4:14  Marauder  
  32  4:15  SCV x2  
  38  4:27  SCV x2  
  38  4:28  Marine x2  
  42  4:35  Marauder  
  42  4:38  Terran Infantry Weapons Level 1  
  44  4:39  SCV  
  45  4:46  Marine  
  45  4:48  Refinery  
  46  4:54  Supply Depot  
  46  4:58  Supply Depot  
  46  5:01  Factory Reactor  
  46  5:16  Marine x2, SCV x2  
  46  5:21  Starport  
  50  5:24  Supply Depot  
  50  5:28  Marauder, SCV x2  
  54  5:33  Marine x2  
  56  5:40  SCV  
  48  5:47  Supply Depot  
  47  5:50  Marauder  
  47  5:51  Marine  
  47  5:52  SCV  
  42  6:08  Marine  
  19  6:26  Marine  
  19  6:41  Barracks Tech Lab  
  19  6:44  Factory Tech Lab, Barracks Reactor  
  19  6:50  SCV  
  19  6:52  SCV  
  21  7:02  SCV  
  21  7:04  SCV  
  21  7:07  Supply Depot  
  23  7:14  Medivac x2  
  23  7:15  SCV  
  28  7:16  SCV  
  28  7:17  Siege Tank  
  28  7:21  Marine  
  28  7:22  Marine  
  34  7:27  SCV  
  34  7:28  SCV  
  36  7:39  Marine x2, SCV  
  36  7:41  Marauder, SCV  
  42  7:44  Medivac x2  
  46  7:57  Marine x2, Siege Tank  
  51  8:02  Marauder  
  53  8:15  Marine x2  
  55  8:24  Marauder  
  57  8:29  Siege Tank  
  57  8:33  Marine  
  62  8:45  Marauder  
  62  8:47  Marine  
  64  9:02  Supply Depot  
  64  9:05  Marine  
  65  9:15  SCV  
  66  9:20  SCV  
  66  9:22  Marine  
  68  9:27  SCV  
  62  9:32  SCV  
  57  9:39  SCV  
  57  9:44  SCV  
  57  9:51  SCV  
  55  9:56  SCV  
  42  10:03  SCV  
  42  10:08  SCV  
  43  10:22  Siege Tank  
  15  11:05  Marine  
  16  11:20  Command Center  
  16  11:23  Marine  
  15  11:41  Marine  
  16  11:51  Missile Turret  
  16  11:59  Marine  
  17  12:17  Marine  
  18  12:50  SCV  
Show
View Real Time Build Order
Export as new Build Order

OpuS Protoss - Winner!

Build Orders: Dark Templar Rush 

Get SALT Encoding   

  12  0:01  Probe  
  13  0:13  Probe  
  14  0:18  Pylon  
  14  0:25  Probe  
  15  0:37  Probe  
  15  0:42  Gateway  
  16  0:49  Probe  
  17  0:52  Assimilator  
  17  0:58  Probe  
  18  1:06  Probe  
  18  1:11  Gateway  
  19  1:15  Probe  
  20  1:30  Cybernetics Core  
  20  1:33  Pylon, Probe  
  21  1:41  Probe  
  21  1:44  Assimilator  
  22  1:52  Probe  
  23  2:04  Probe  
  24  2:12  Twilight Council  
  24  2:17  Warp Gate  
  24  2:20  Zealot x2  
  27  2:30  Pylon  
  27  2:51  Nexus  
  27  3:14  Dark Shrine  
  27  3:21  Forge  
  27  3:30  Robotics Facility  
  27  3:42  Gateway  
  27  3:53  Gateway  
  27  4:04  Probe x2  
  29  4:11  Warp Prism  
  31  4:34  Dark Templar x2  
  31  4:37  Dark Templar  
  37  4:50  Dark Templar  
  39  4:56  Probe x2  
  41  5:04  Pylon  
  41  5:08  Pylon  
  41  5:22  Stalker  
  41  5:23  Stalker x2  
  47  5:41  Stalker  
  41  6:10  Charge  
  39  6:11  Probe x2  
  39  6:12  Zealot  
  39  6:13  Zealot x3  
  49  6:23  Probe x2  
  51  6:30  Observer  
  52  6:35  Probe x2  
  52  6:36  Photon Cannon  
  54  6:40  Photon Cannon  
  54  6:46  Photon Cannon  
  54  6:47  Probe  
  54  6:48  Probe  
  54  6:51  Observer  
  57  6:59  Probe  
  57  7:00  Stalker, Probe  
  61  7:10  Stalker x2  
  61  7:12  Probe x2, Observer  
  50  7:24  Zealot x2  
  50  7:26  Probe x2  
  52  7:34  Stalker  
  52  7:38  Observer  
  49  7:56  Zealot x3  
  49  7:57  Zealot  
  56  8:00  Observer  
  57  8:19  Stalker x2  
  61  8:58  Nexus  
  61  9:02  Pylon  
  61  9:17  Blink  
  48  9:49  Zealot x4  
  50  10:10  Dark Templar  
  50  10:11  Dark Templar  
  54  10:15  Pylon  
  54  10:16  Pylon  
  54  10:19  Pylon  
  52  10:27  Dark Templar x2  
  34  11:01  Dark Templar x2  
  38  11:05  Dark Templar  
  40  11:53  Nexus  
  40  12:21  Probe  
  41  12:33  Probe  
  42  12:46  Probe  
  43  12:58  Probe  
  44  13:10  Probe  
  45  13:15  Dark Templar x3  
  45  13:16  Dark Templar  
  46  13:40  Probe x2  
Show
View Real Time Build Order
Export as new Build Order

Sketchaphone Zerg - Winner!

Build Orders: Pool First 

Get SALT Encoding   

  12  0:01  Drone  
  13  0:13  Overlord  
  13  0:20  Drone  
  14  0:37  Drone  
  15  0:43  Spawning Pool  
  15  0:45  Drone, Extractor  
  14  0:51  Drone  
  15  0:57  Drone  
  15  0:59  Drone  
  17  1:25  Hatchery  
  16  1:29  Drone  
  17  1:33  Zergling x2  
  18  1:49  Metabolic Boost  
  18  1:52  Zergling x2  
  18  1:53  Zergling x2  
  20  1:57  Overlord  
  20  2:14  Overlord  
  20  2:16  Queen  
  22  2:30  Zergling x4  
  22  2:35  Baneling Nest  
  23  2:42  Zergling x4  
  25  2:48  Zergling x2  
  26  3:07  Overlord, Zergling x2  
  26  3:08  Zergling x2  
  26  3:09  Drone  
  26  3:10  Drone  
  30  3:19  Drone  
  31  3:51  Queen  
  31  3:52  Overlord  
  31  3:54  Overlord, Drone x3  
  31  3:55  Drone  
  37  3:59  Lair  
  37  4:01  Baneling  
  37  4:02  Baneling  
  37  4:03  Baneling  
  37  4:11  Zergling x4  
  37  4:16  Drone x2  
  41  4:18  Drone  
  41  4:21  Drone  
  42  4:32  Zergling x4  
  42  4:33  Drone x2  
  42  4:38  Drone  
  47  5:00  Zergling x8  
  47  5:04  Baneling x3  
  47  5:05  Zergling x2  
  52  5:18  Zergling x6  
  52  5:19  Zergling x2, Hatchery  
  55  5:22  Overlord  
  55  5:40  Overlord, Drone x2  
  55  6:03  Zergling x14  
  60  6:10  Zergling x2  
  60  6:16  Drone x2  
  53  6:34  Overseer  
  53  6:39  Overseer  
  53  6:41  Zergling x10  
  53  6:44  Drone x3  
  53  6:46  Queen  
  63  6:53  Overseer  
  63  6:56  Drone x6, Extractor  
  63  7:01  Spire, Extractor  
  67  7:02  Drone  
  67  7:03  Extractor  
  61  7:16  Drone x3  
  61  7:17  Zergling x14  
  70  7:35  Baneling x3  
  70  7:36  Baneling x6  
  70  7:54  Overlord x2, Drone x3  
  73  8:07  Zergling x14  
  80  8:13  Roach Warren  
  80  8:15  Zerg Flyer Armor Level 1  
  80  8:19  Extractor  
  78  8:32  Zergling x20  
  77  8:43  Corruptor  
  77  8:44  Corruptor x4  
  85  8:55  Overseer  
  80  9:28  Corruptor  
  80  9:29  Corruptor x5  
  92  9:51  Corruptor x3  
  91  9:58  Zergling x12  
  68  10:22  Roach  
  68  10:23  Roach x3  
  68  10:24  Roach  
  75  10:30  Spawning Pool  
  70  11:29  Mutalisk x7  
  70  11:30  Hatchery  
  70  11:31  Zergling x2  
  84  11:51  Hatchery  
  83  11:56  Mutalisk x2  
  87  12:11  Mutalisk  
  89  12:22  Lair  
  89  12:45  Mutalisk x2  
  93  12:53  Zergling x2  
  93  12:54  Overlord x2, Zergling x8  
  80  13:33  Zergling x18  
Tags
 
Add a new tag
Caveats
  • Supply blocks, unpowered buildings, or Contaminate may cause inaccurate times.
  • Supply counts are checked every 10 seconds.